 Dungeon Crawl Stone Soup version 0.29.1-13-g9f3cf754e1 (webtiles) character file.

Game seed: 1514730147994540455

146 growler the Conjurer (level 5, 0/35 HPs)
             Began as a Demonspawn Wanderer on Jan 24, 2023.
             Slain by an adder (2 damage)
             ... on level 4 of the Dungeon.
             The game lasted 00:09:18 (4619 turns).

growler the Conjurer (Demonspawn Wanderer)          Turns: 4619, Time: 00:09:21

Health: 0/35       AC:  2    Str: 15    XL:     5   Next: 7%
Magic:  2/11       EV: 11    Int: 15    God:
Gold:   195        SH:  0    Dex: 10    Spells: 11/12 levels left

rFire   . . .      SeeInvis .   a - +0 club
rCold   . . .      Faith    .   (no shield)
rNeg    . . .      Spirit   .   c - +0 robe
rPois   .          Reflect  .   (helmet restricted)
rElec   .          Harm     .   (no cloak)
rCorr   .          Rampage  .   (no gloves)
Will    .....                   (no boots)
Stlth   ++........              (no amulet)
HPRegen 0.11/turn               (no ring)
MPRegen 0.12/turn               (no ring)

@: lethally poisoned (0 -> -5)
A: hooves 1, horns 1, ignite blood 2
a: no special abilities


You were on level 4 of the Dungeon.
You visited 1 branch of the dungeon, and saw 4 of its levels.

You collected 195 gold pieces.

Inventory:

Hand Weapons
 a - a +0 club (weapon)
Armour
 c - a +0 robe (worn)
 d - a +0 helmet
 m - a +0 hat
Jewellery
 n - a ring of fire
Scrolls
 f - a scroll of teleportation {unknown}
 g - 5 scrolls of identify
 h - a scroll of blinking {unknown}
 i - a scroll of amnesia
 j - a scroll of butterflies
 k - 2 scrolls of vulnerability
Potions
 b - a potion of attraction
 l - 2 potions of cancellation


   Skills:
 - Level 1.7 Stealth
 - Level 4.0 Spellcasting
 + Level 4.8 Conjurations
 - Level 1.7 Transmutations
 - Level 1.0 Evocations


You had 11 spell levels left.
You knew the following spells:

 Your Spells              Type           Power      Damage    Failure   Level
a - Magic Dart            Conj           68%        1d6       2%          1

Your spell library contained the following spells:

 Spells                   Type           Power      Damage    Failure   Level
 Wereblood                Tmut           8%         N/A       13%         2
 Passwall                 Tmut/Erth      4%         N/A       19%         2
 Stone Arrow              Conj/Erth      20%        3d8       21%         3
 Blink                    Tloc           6%         N/A       26%         2
 Inner Flame              Hex/Fire       3%         N/A       47%         3
 Lesser Beckoning         Tloc           3%         N/A       47%         3
 Manifold Assault         Tloc           3%         N/A       99%         5


Dungeon Overview and Level Annotations

Branches:
Dungeon (4/15)
 Temple: D:4-7

Altars:
Hepliaklqana


Innate Abilities, Weirdness & Mutations

You have large cloven feet.
You have a pair of small horns on your head.
Your demonic aura often causes spilled blood to erupt in flames.


Message History

Casting: Magic Dart (safe; 2% risk of failure)
Confirm with . or Enter, or press ? or * to list all spells.
Aiming: Magic Dart (safe; 2% risk of failure)
Press: ? - help, Shift-Dir - straight line, f/p - iguana
Aim: an iguana (lightly wounded, 100% to hit)
The magic dart hits the iguana.
The iguana is heavily wounded.
The iguana bites you but does no damage.
You barely miss the iguana.
The iguana is moderately wounded.
The iguana bites you! The iguana closely misses you.
You completely miss the iguana. Your kick misses the iguana.
The iguana is moderately wounded.
The iguana bites you!
The iguana hisses menacingly.
The iguana bites you. The iguana bites you.
* * * LOW HITPOINT WARNING * * *
The iguana attacks as you move away! The iguana bites you.
* * * LOW HITPOINT WARNING * * *
You aren't carrying any items that you can evoke.
Okay, then.
As you read the scroll labelled HUSI CEMUSE, it crumbles to dust.
You assume a fearsome visage.
The iguana looks frightened!
It was a scroll of fear.
An orc comes into view. It is wielding a +0 club.
The orc shouts!
You hear a shout!
The orc throws a boomerang.
The boomerang barely misses you.
An adder comes into view.
You hear a shout!
The adder hisses angrily.
An orc comes into view. It is wielding a +0 flail.
The adder misses you. The adder attacks as you move away!
The adder closely misses you. The adder attacks as you move away!
The adder bites you.
* * * LOW HITPOINT WARNING * * *
You are lethally poisoned!
The adder poisons you!
* * * LOW HITPOINT WARNING * * *
You feel sick. The adder bites you.
You die...

#)# ##...## ###
##..###
#<###.###.## #..
.......
#.##.#####.###.#
#.....
#.......###.##.#
#.....
#...###.....##.#
#..... #.:o#
####..##.# #....
#..#.# ##.....#
#....
#..##o###...######
#....
...##..S@........#
####F
###)##.####.......#
#. ..##.
#....###..# #. #.
#.#### #..# #. #.
#. #..# #. #. #
#..# #. #. #..# #.
.........#
..#####.##


You could see an adder and an orc.

Vanquished Creatures
  An orc priest (D:4)
  5 adders
  2 worms (D:3)
  A dart slug (D:3)
  4 orcs
  7 ball pythons
  6 endoplasms
  2 giant cockroaches
  5 goblins
  6 hobgoblins
  3 quokkas (D:3)
  3 bats
  2 frilled lizards
  4 kobolds
  5 rats
56 creatures vanquished.

Vanquished Creatures (others)
  7 plants (D:3)
7 creatures vanquished.

Grand Total: 63 creatures vanquished

Notes
Turn   | Place    | Note
-------+----------+-------------------------------------------
     0 | D:1      | growler the Demonspawn Wanderer began the quest for the
                  | Orb.
     0 | D:1      | growler set off with the following items: a +0 club, a
                  | potion of attraction, a +0 robe, a +0 helmet; and the
                  | following spell memorised: Magic Dart; and the following
                  | spells available to memorise: Wereblood, Passwall, Blink,
                  | Inner Flame, Stone Arrow.
     0 | D:1      | Reached XP level 1. HP: 13/13 MP: 5/5
   170 | D:1      | Reached skill level 1 in Conjurations
   708 | D:1      | Discovered your monstrous ancestry.
   708 | D:1      | Gained mutation: You have large cloven feet. [demonic
                  | ancestry]
   708 | D:1      | Reached XP level 2. HP: 19/19 MP: 4/7
  1500 | D:2      | Gained mutation: Your demonic aura sometimes causes spilled
                  | blood to erupt in flames. [demonic ancestry]
  1500 | D:2      | Reached XP level 3. HP: 24/24 MP: 3/8
  2567 | D:3      | Found a hazy altar of Hepliaklqana.
  3892 | D:3      | Gained mutation: Your demonic aura often causes spilled
                  | blood to erupt in flames. [demonic ancestry]
  3892 | D:3      | Reached XP level 4. HP: 30/30 MP: 8/10
  4452 | D:4      | Noticed a bullfrog
  4558 | D:4      | Gained mutation: You have a pair of small horns on your
                  | head. [demonic ancestry]
  4558 | D:4      | Reached XP level 5. HP: 35/35 MP: 4/11
  4619 | D:4      | Slain by an adder

Illustrated notes

Levels and vault maps discovered:
D:1:      lemuel_arrival_broad_hall, layout_basic
D:2:      layout_basic
D:3:      minmay_chambers_of_threes, layout_basic,
          nicolae_hepliaklqana_hazy_memory, minmay_misc_feat_doors, minivault_27
D:4:      layout_loops_ring, general_overflow_altar, fedhas_altar_1,
          serial_shops, shop_statue, uniq_pikel

Skill      XL: |  1  2  3  4 |
---------------+-------------+-----
Conjurations   | 1 2 3 4 |  4.8
Stealth        | |  1.7
Spellcasting   | |  4.0
Transmutations | |  1.7
Evocations     | |  1.0

Action                   |  1- 3 |  4- 6 || total
-------------------------+-------+-------++-------
Melee: Club              |    37 |    24 ||    61
       Kick              |     6 |     5 ||    11
       Punch             |     1 |     1 ||     2
 Cast: Magic Dart        |   103 |    44 ||   147
  Use: Scroll            |       |     5 ||     5
       Potion            |       |     2 ||     2
Armor: Robe              |    13 |    14 ||    27
Dodge: Dodged            |    25 |    32 ||    57
